 Dungeon Crawl Stone Soup version 0.27-a0-686-gaed091b46b (webtiles) character file.

Game seed: 6080284746708000846

1372 dolemite99 the Carver (level 8, -8/64 HPs)
             Began as a Minotaur Fighter on Mar 21, 2021.
             Was an Initiate of Yredelemnul.
             Mangled by an orc warrior
             ... wielding a +0 battleaxe
              (16 damage)
             ... on level 6 of the Dungeon.
             The game lasted 00:06:38 (6996 turns).

dolemite99 the Carver (Minotaur Fighter)            Turns: 6996, Time: 00:06:39

Health: -8/64      AC: 13    Str: 24    XL:     8   Next: 38%
Magic:  7/7        EV:  6    Int:  5    God:    Yredelemnul [......]
Gold:   381        SH: 10    Dex:  9    Spells: 7/7 levels left

rFire    . . .     SeeInvis .   a - +2 double sword (vamp)
rCold    . . .     Faith    .   c - +0 kite shield
rNeg     . . .     Spirit   .   n - +0 chain mail
rPois    .         Reflect  .   (helmet restricted)
rElec    .         Harm     .   k - +2 cloak
rCorr    .         Rampage  .   C - +0 pair of gloves
Will     .....                  (no boots)
Stlth    ..........             h - amulet of magic regeneration
HPRegen  0.20/turn              (no ring)
MPRegen  0.35/turn              (no ring)

@: no status effects
A: horns 2, retaliatory headbutt
a: Renounce Religion


You were on level 6 of the Dungeon.
You worshipped Yredelemnul.
Yredelemnul was noncommittal.
You visited 1 branch of the dungeon, and saw 6 of its levels.

You collected 381 gold pieces.

Inventory:

Hand Weapons
 a - a +2 vampiric double sword (weapon)
 j - a +0 long sword
Missiles
 o - 242 stones (quivered)
 y - 29 poisoned darts
 z - 128 arrows
 A - 69 sling bullets
 E - 39 bolts
Armour
 b - a +0 scale mail
 c - a +0 kite shield (worn)
 k - a +2 cloak (worn)
 n - a +0 chain mail (worn)
 C - a +0 pair of gloves (worn)
Jewellery
 h - an amulet of magic regeneration (around neck)
Wands
 d - a wand of flame (20)
Scrolls
 g - 2 scrolls of enchant weapon {unknown}
 i - a scroll of torment {unknown}
 r - a scroll of vulnerability {unknown}
 t - 2 scrolls of amnesia {unknown}
 x - a scroll of fear {unknown}
 B - 2 scrolls of teleportation
 G - a scroll of fog {unknown}
Potions
 e - 2 potions of brilliance
 f - 5 potions of curing
 l - a potion of flight
 m - a potion of resistance
 p - a potion of mutation {unknown}
 q - a potion of invisibility {unknown}
 s - a potion of attraction {unknown}
 u - 2 potions of cancellation {unknown}
 v - a potion of lignification {unknown}
 w - a potion of heal wounds {unknown}
 D - 2 potions of might
 F - a potion of ambrosia {unknown}


   Skills:
 - Level 3.6 Fighting
 - Level 11.1 Long Blades
 - Level 3.6 Armour
 + Level 6.5 Shields


You had 7 spell levels left.
You didn't know any spells.
Your spell library was empty.

Dungeon Overview and Level Annotations

Branches:
Dungeon (6/15)
 Temple: D:4-7

Altars:
Ashenzari
Dithmenos
Qazlal
Uskayaw
Vehumet
Wu Jian
Yredelemnul
The Shining One


Innate Abilities, Weirdness & Mutations

You have a pair of horns on your head.
You reflexively headbutt those who attack you in melee.


Message History

You slash something! You headbutt something!
Something hits you but does no damage.
You miss something. Your headbutt misses something.
Something hits you but does no damage. x2
You miss something. Your headbutt misses something.
You hear the quick hiss of a very distant avalanche of sand.
Something hits you but does no damage.
You slash something!
You feel better. Yredelemnul accepts your kill.
Reactivating autopickup.
You feel a bit more experienced.
Your Shields skill increases to level 6!
You see here a sky beast corpse.
o - 241 stones (gained 1)
You start resting.
A shadow imp comes into view.
The shadow imp shouts, "Return whence thou came, thou obnoxious swag-bellied flax-wench!"
An orc warrior comes into view. It is wielding a +0 battleaxe.
You see here a stone.
o - 242 stones (gained 1)
The orc warrior shouts!
Your shield and chain mail prevent you from hitting the orc warrior.
The orc warrior hits you with a +0 battleaxe!
You hit the orc warrior but do no damage.
You block the orc warrior's attack.
You slash the orc warrior!
You feel better.
The orc warrior is moderately wounded.
The shadow imp hits you but does no damage.
The orc warrior hits you with a +0 battleaxe!
You slash the orc warrior!
You feel better.
The orc warrior is severely wounded.
The shadow imp hits you but does no damage.
The orc warrior hits you with a +0 battleaxe!!
* * * LOW HITPOINT WARNING * * *
You hit the orc warrior.
You feel better.
The orc warrior is severely wounded.
The shadow imp hits you but does no damage.
The orc warrior hits you with a +0 battleaxe!
You die...
Your body rises from the dead as a mindless zombie.

..... #..)....##.#
##....###.###.[....#
#...cY'...#.†.#.#..#
#.....#####.#...#
....
................#.#
##
#.....#####.#.....#
#.# #........### #
####5#.....#
######@#......
#.....o#.....#
#......#...###
#............
#......#.####
#.†....+... #......#
### ## ####....†.#
.#
..........########
.#


You could see an orc warrior and a shadow imp.

Vanquished Creatures
  Eustachio (D:4)
  A sky beast (D:6)
  2 ogres
  2 centaurs
  3 bullfrogs (D:6)
  A water moccasin skeleton (D:5)
  A hound (D:4)
  A jelly (D:5)
  A bullfrog skeleton (D:4)
  An orc priest (D:5)
  An iguana (D:4)
  An orc wizard (D:6)
  6 worker ants
  Robin (D:2)
  7 adders
  6 oozes
  2 adder skeletons (D:4)
  4 worms
  A dart slug (D:3)
  10 leopard geckos
  10 orcs
  A ball python (D:4)
  5 bats
  6 giant cockroaches
  14 hobgoblins
  14 jackals
  3 quokkas
  7 frilled lizards
  14 goblins
  A jackal skeleton (D:4)
  5 kobolds
  A leopard gecko zombie (D:5)
  6 rats
140 creatures vanquished.

Notes
Turn   | Place    | Note
-------+----------+-------------------------------------------
     0 | D:1      | dolemite99 the Minotaur Fighter began the quest for the
                  | Orb.
     0 | D:1      | Reached XP level 1. HP: 19/19 MP: 0/0
   230 | D:1      | Reached skill level 3 in Long Blades
   527 | D:1      | Reached XP level 2. HP: 20/26 MP: 1/1
   705 | D:1      | Reached skill level 4 in Long Blades
  1101 | D:1      | Reached XP level 3. HP: 31/31 MP: 2/2
  1292 | D:2      | Noticed Robin
  1309 | D:2      | Reached skill level 5 in Long Blades
  1313 | D:2      | Killed Robin
  1596 | D:2      | Reached XP level 4. HP: 39/39 MP: 3/3
  2541 | D:3      | Reached skill level 6 in Long Blades
  2976 | D:3      | Reached XP level 5. HP: 37/45 MP: 4/4
  3662 | D:3      | Found a faded altar of an unknown god.
  3895 | D:4      | Reached skill level 7 in Long Blades
  3969 | D:4      | Noticed Eustachio
  4015 | D:4      | Killed Eustachio
  4016 | D:4      | Reached skill level 8 in Long Blades
  4016 | D:4      | Reached XP level 6. HP: 14/51 MP: 5/5
  4526 | D:4      | Found a hide-covered altar of Uskayaw.
  4781 | D:4      | Reached skill level 9 in Long Blades
  5064 | D:4      | Reached XP level 7. HP: 57/57 MP: 6/6
  5246 | D:5      | Entered Level 5 of the Dungeon
  5592 | D:5      | Reached skill level 10 in Long Blades
  6001 | D:5      | Found a glowing golden altar of the Shining One.
  6001 | D:5      | Found a radiant altar of Vehumet.
  6022 | D:5      | Found a shadowy altar of Dithmenos.
  6130 | D:5      | Found an ornate altar of the Wu Jian Council.
  6131 | D:5      | Found a basalt altar of Yredelemnul.
  6136 | D:5      | Became a worshipper of Yredelemnul the Dark
  6195 | D:5      | Found a broken altar of Ashenzari.
  6547 | D:5      | Identified a scroll of acquirement
  6547 | D:5      | Acquired a +2 vampiric double sword
  6631 | D:6      | Reached skill level 11 in Long Blades
  6631 | D:6      | Reached XP level 8. HP: 64/64 MP: 7/7
  6636 | D:6      | Found a stormy altar of Qazlal.
  6785 | D:6      | Reached skill level 5 in Shields
  6962 | D:6      | Identified the +2 robe of the Devil's Advocate {*Drain +Fly
                  | rPois}
  6996 | D:6      | Mangled by an orc warrior

Illustrated notes

Levels and vault maps discovered:
D:1:      dpeg_arrival_tiny_d, layout_basic, minmay_split_cup_small
D:2:      layout_loops_corners, serial_rivers, chequers_serial_rivers_room_a,
          chequers_serial_rivers_micro_b, chequers_serial_rivers_room_a,
          chequers_serial_rivers_micro_a, uniq_robin
D:3:      layout_rooms, chequers_ecumenical_altar_lobes
D:4:      minmay_razor_zed, layout_basic, lemuel_round_altar, uniq_eustachio
D:5:      layout_loops_corners, gammafunk_temple_overflow_statue,
          gammafunk_temple_overflow_claw, basic_altar
D:6:      layout_basic, general_overflow_altar, gup_ossuary_entry_pyramid,
          nicolae_qazlal_general_emergency

Skill      XL: |  1  2  3  4  5  6  7  8 |
---------------+-------------------------+-----
Long Blades    | 3 4 5 6 8 9 11 | 11.1
Shields        | 6 |  6.5
Fighting       | |  3.6
Armour         | |  3.6

Action                   |  1- 3 |  4- 6 |  7- 9 || total
-------------------------+-------+-------+-------++-------
Melee: Long sword        |    70 |   160 |    53 ||   283
       Headbutt          |     7 |    25 |    16 ||    48
       Double sword      |       |       |    64 ||    64
Throw: Stone             |    12 |    44 |    11 ||    67
  Use: Potion            |       |     1 |       ||     1
       Scroll            |       |       |     6 ||     6
Armor: Scale mail        |    14 |       |       ||    14
       Chain mail        |    41 |    85 |    62 ||   188
Dodge: Dodged            |    22 |    32 |    24 ||    78
Block: Kite shield       |    33 |    85 |    67 ||   185
       Rpst.: Long sword |     7 |     9 |     2 ||    18
       Double sword      |       |       |     5 ||     5

Table legend: (Time is in decaauts)
 A = Elapsed time spent in this place.
 B = Non-inter-level travel time spent in this place.
 C = Inter-level travel time spent in this place.
 D = Time resting spent in this place.
 E = Time spent auto-exploring this place.
 F = Levels seen in this place.
 G = Mean time per level.
                   A        B        C        D        E       F      G
               +--------+--------+--------+--------+--------+-----+--------+
         Total |   7111 |   6937 |    174 |   1817 |   3851 |   6 | 1185.2 |
       Dungeon |   7111 |   6937 |    174 |   1817 |   3851 |   6 | 1185.2 |
               +--------+--------+--------+--------+--------+-----+--------+

Top non-repeatable levels by time:
     D:4: 1574 daAuts
     D:2: 1347 daAuts
     D:5: 1342 daAuts
     D:3: 1224 daAuts
     D:1: 1196 daAuts
     D:6: 426 daAuts
